 Dungeon Crawl Stone Soup version 0.27-a0-931-g5a74e75d8f (webtiles) character file.

Game seed: 830923016856059710

200 polve the Insei (level 5, -8/46 HPs)
             Began as a Draconian Transmuter on Apr 10, 2021.
             Mangled by an ice beast (12 damage)
             ... on level 4 of the Dungeon.
             The game lasted 00:02:43 (3021 turns).

polve the Insei (Draconian Transmuter)              Turns: 3021, Time: 00:02:44

Health: -8/46      AC:  5    Str: 12    XL:     5   Next: 48%
Magic:  6/8        EV: 12    Int: 14    God:
Gold:   103        SH:  0    Dex: 12    Spells: 7/8 levels left

rFire    . . .     SeeInvis .     - Unarmed
rCold    . . .     Faith    .   (no shield)
rNeg     . . .     Spirit   .   (armour unavailable)
rPois    .         Reflect  .   (helmet currently unavailable)
rElec    .         Harm     .   (no cloak)
rCorr    .         Rampage  .   (no gloves)
Will     .....                  (boots currently unavailable)
Stlth    +.........             (no amulet)
HPRegen  0.15/turn              (no ring)
MPRegen  0.11/turn              (no ring)

@: appendages (expiring), attractive, very slightly contaminated, slowed, very
slow
A: horns 2, talons 2, AC +5, unfitting armour, cold-blooded
a: End Transformation


You were on level 4 of the Dungeon.
You had temporarily grown beastly horns and talons.
You visited 1 branch of the dungeon, and saw 4 of its levels.

You collected 103 gold pieces.

Inventory:

Armour
 f - a +0 pair of boots
Jewellery
 l - a ring of see invisible
Scrolls
 b - a scroll of immolation {unknown}
 d - 2 scrolls of identify {unknown}
 i - a scroll of fear {unknown}
 n - a scroll of blinking {unknown}
 o - a scroll of amnesia {unknown}
 p - a scroll of teleportation {unknown}
 q - a scroll of enchant armour {unknown}
Potions
 c - a potion of might {unknown}
 e - a potion of curing {unknown}
 g - a potion of degeneration {unknown}
 h - 2 potions of flight {unknown}
 j - a potion of haste {unknown}
 k - 2 potions of heal wounds {unknown}
 m - a potion of cancellation {unknown}


   Skills:
 + Level 4.2 Fighting
 - Level 1.7 Dodging
 + Level 4.9 Unarmed Combat
 - Level 2.0 Spellcasting
 - Level 2.0 Transmutations


You had 7 spell levels left.
You knew the following spells:

 Your Spells              Type           Power      Damage    Failure   Level
a - Beastly Appendage     Tmut           14%        N/A       11%         1

Your spell library contained the following spells:

 Spells                   Type           Power      Damage    Failure   Level
 Wereblood                Tmut           7%         N/A       16%         2
 Spider Form              Tmut/Pois      2%         N/A       43%         3
 Ice Form                 Ice/Tmut       4%         N/A       83%         4
 Hydra Form               Tmut           3%         N/A       96%         5


Dungeon Overview and Level Annotations

Branches:
Dungeon (4/15)
 Temple: D:4-7

Altars:
Trog


Innate Abilities, Weirdness & Mutations

You have temporarily grown beastly horns and talons.
Your plain brown scales are hard. (AC +5)
You cannot fit into any form of body armour.
You are cold-blooded and may be slowed by cold attacks.


Message History

You miscast Beastly Appendage.
Nothing appears to happen.
The adder barely misses you.
Casting: Beastly Appendage (safe; 11% risk of failure)
Confirm with . or Enter, or press ? or * to list all spells.
You grow a pair of large bovine horns.
Your feet morph into talons.
The adder misses you.
You completely miss the adder.
Your tail-slap misses the adder.
The adder is severely wounded.
The adder misses you. The adder bites you.
You closely miss the adder. Your headbutt misses the adder.
The adder is severely wounded.
The adder barely misses you.
You closely miss the adder.
Your tail-slap misses the adder.
The adder is severely wounded.
Your transformation is almost over.
The adder completely misses you.
You closely miss the adder. Your kick misses the adder.
Your headbutt misses the adder. You tail-slap the adder.
You kill the adder!
You hit the adder. Your headbutt misses the adder.
The adder is lightly wounded.
The adder bites you but does no damage. x2
You punch the adder! You claw the adder.
You kill the adder!
You hit the ice beast but do no damage. You claw the ice beast.
You headbutt the ice beast, but do no damage.
The ice beast is lightly wounded.
The ice beast hits you but does no damage.
You punch the ice beast! Your kick misses the ice beast.
The ice beast is heavily wounded.
The ice beast hits you. The ice beast freezes you!
You feel yourself slow down.
* * * LOW HITPOINT WARNING * * *
You hit the ice beast but do no damage. You headbutt the ice beast.
The ice beast is heavily wounded.
The ice beast hits you but does no damage.
The ice beast hits you.
* * * LOW HITPOINT WARNING * * *
The ice beast freezes you!
You feel as though you will be slow longer.
You die...

#†##........ .
#.####.#.[. ..
#......#.####.#
###...........
#.>......#
#........####.
#.....Y.......
####+#.#.#####
#@Y.# #
####......
...... ......
.#...# ...###
.# .


You could see an ice beast.

Vanquished Creatures
  A howler monkey (D:4)
  A centaur skeleton (D:2)
  Jessica (D:2)
  5 adders
  2 worms (D:2)
  4 endoplasms
  3 giant cockroaches
  2 goblins
  2 hobgoblins
  6 jackals (D:3)
  6 kobolds
  4 quokkas
  6 ball pythons
  5 bats
  A frilled lizard (D:1)
  6 rats
55 creatures vanquished.

Notes
Turn   | Place    | Note
-------+----------+-------------------------------------------
     0 | D:1      | polve the Draconian Transmuter began the quest for the Orb.
     0 | D:1      | Reached XP level 1. HP: 16/16 MP: 3/3
   519 | D:1      | Reached XP level 2. HP: 22/24 MP: 5/5
   968 | D:2      | Found a bloodstained altar of Trog.
   990 | D:2      | Reached XP level 3. HP: 14/30 MP: 4/6
  1319 | D:2      | Reached XP level 4. HP: 38/38 MP: 7/7
  1592 | D:2      | Noticed Jessica
  1600 | D:2      | Killed Jessica
  2542 | D:3      | Found a faded altar of an unknown god.
  2614 | D:3      | Reached XP level 5. HP: 46/46 MP: 6/8
  2951 | D:4      | Noticed an ice beast
  3021 | D:4      | Mangled by an ice beast

Illustrated notes

Levels and vault maps discovered:
D:1:      zaba_arrival_water, layout_rooms
D:2:      layout_basic, basic_altar, uniq_jessica
D:3:      layout_basic, ebering_ecumenical_altar_mist
D:4:      layout_basic, minmay_temple_entry_slanted, gup_ossuary_entry_pyramid

Skill      XL: |  1  2  3  4  5 |
---------------+----------------+-----
Fighting       | 2 3 4 |  4.2
Unarmed Combat | 4 |  4.9
Dodging        | |  1.7
Spellcasting   | |  2.0
Transmutations | |  2.0

Action                   |  1- 3 |  4- 6 || total
-------------------------+-------+-------++-------
Melee: Unarmed           |    93 |   100 ||   193
       Kick              |     8 |    11 ||    19
       Punch             |     1 |     1 ||     2
       Tailslap          |     5 |    12 ||    17
       Headbutt          |     2 |    10 ||    12
 Cast: Beastly Appendage |     9 |    11 ||    20
  Use: Potion            |       |     1 ||     1
Armor: Skin              |    29 |    36 ||    65
Dodge: Dodged            |    58 |    78 ||   136

Table legend: (Time is in decaauts)
 A = Elapsed time spent in this place.
 B = Non-inter-level travel time spent in this place.
 C = Inter-level travel time spent in this place.
 D = Time resting spent in this place.
 E = Time spent auto-exploring this place.
 F = Levels seen in this place.
 G = Mean time per level.
                   A        B        C        D        E       F      G
               +--------+--------+--------+--------+--------+-----+--------+
         Total |   3013 |   2933 |     80 |      0 |   2556 |   4 |  753.2 |
       Dungeon |   3013 |   2933 |     80 |      0 |   2556 |   4 |  753.2 |
               +--------+--------+--------+--------+--------+-----+--------+

Top non-repeatable levels by time:
     D:2: 1140 daAuts
     D:1: 928 daAuts
     D:3: 877 daAuts
     D:4: 67 daAuts
